 Dungeon Crawl Stone Soup version 0.30-a0-939-gc8157cb160 (webtiles) character file.

Game seed: 17381048014554950514

93598 Sobieck the Bludgeoner (level 15, -7/143 HPs)
             Began as an Armataur Fighter on Mar 25, 2023.
             Was the Champion of Okawaru.
             Succumbed to a naga mage's bolt of poison
             ... on level 1 of the Snake Pit.
             The game lasted 00:53:45 (20564 turns).

Sobieck the Bludgeoner (Armataur Fighter)          Turns: 20564, Time: 00:53:46

Health: -7/143     AC: 30    Str: 33    XL:     15   Next: 61%
Magic:  18/18      EV:  3    Int:  9    God:    Okawaru [******]
Gold:   2105       SH: 16    Dex: 11    Spells: 14/14 levels left

rFire   . . .      SeeInvis .    a - +7 sceptre of Torment {pain, torment}
rCold   . . .      Faith    .    E - +0 kite shield
rNeg    + . .      Spirit   .    x - +0 troll leather armour {Pargi}
rPois   .          Reflect  +    v - +1 helmet
rElec   .          Roll     +    z - +2 cloak
rCorr   +                        J - +2 pair of gloves
Will    ++...                    g - +6 barding "Goqeha" {rN+ Str+6}
Stlth   +                        o - amulet of reflection
HPRegen 1.23/turn                b - ring of resist corrosion
MPRegen 0.16/turn                h - ring of willpower

@: lethally poisoned (-7 -> -30), about to teleport, slowed, constricted, very
slow
A: large, rugged brown scales 3, deformed body, armoured tail, roll, long
tongue, awkward tongue
a: Renounce Religion, Heroism, Finesse, Duel


You were on level 1 of the Snake Pit.
You worshipped Okawaru.
Okawaru was exalted by your worship.
You visited 4 branches of the dungeon, and saw 22 of its levels.
You also visited: Sewer and Ice Cave.

You collected 2105 gold pieces.


Innate Abilities, Weirdness & Mutations

You are completely covered in rugged brown scales. (AC +3, +7% HP)
Armour fits poorly on your strangely shaped body.
You have a long armoured tail.
You roll when moving toward enemies. (Rampage)
Your long tongue fully drains potion bottles. (2x potion effects)
Your tongue gives you trouble enunciating. (1.5x scroll delay)


   Skills:
 + Level 12.3 Fighting
 - Level 16.0 Maces & Flails
 + Level 15.5 Armour
 + Level 11.6 Shields
 - Level 5.0 Invocations
 + Level 7.9 Evocations


You had 14 spell levels left.
You didn't know any spells.
Your spell library contained the following spells:

 Spells                   Type           Power      Damage    Failure   Level
 Apportation              Tloc           0%         N/A       58%         1
 Magic Dart               Conj           0%         1d3       58%         1
 Necrotise                Necr           0%         1d4       58%         1
 Shock                    Conj/Air       0%         1d3       58%         1
 Blink                    Tloc           0%         N/A       75%         2
 Lesser Beckoning         Tloc           0%         N/A       75%         2
 Momentum Strike          Conj/Tloc      0%         3d8       75%         2
 Searing Ray              Conj           0%         2d4       75%         2
 Ignite Poison            Fire/Tmut/Pois 0%         N/A       92%         3
 Ozocubu's Armour         Ice            0%         N/A       92%         3
 Swiftness                Air            0%         N/A       92%         3
 Airstrike                Air            0%         2d(0-16)  100%        4
 Fulminant Prism          Conj/Hex       0%         3d5       100%        4
 Sticky Flame             Conj/Fire      0%         2d3       100%        4
 Fireball                 Conj/Fire      0%         3d3       100%        5
 Iskenderun's Battlesphe  Conj           0%         2d6       100%        5
 Metabolic Englaciation   Hex/Ice        0%         N/A       100%        5
 Conjure Ball Lightning   Conj/Air       0%         3x3d6     100%        6
 Orb of Destruction       Conj           0%         9d5       100%        7
 Ignition                 Fire           0%         3d3       100%        8
 Summon Small Mammal      Summ           Unusable   N/A       N/A         1
 Call Canine Familiar     Summ           Unusable   N/A       N/A         3
 Summon Guardian Golem    Hex/Summ       Unusable   N/A       N/A         3
 Simulacrum               Ice/Necr       Unusable   N/A       N/A         6
 Spellforged Servitor     Conj/Summ      Unusable   N/A       N/A         7

Inventory:

Hand Weapons
 a - the +7 sceptre of Torment (weapon) {pain, torment}
   (You acquired it on level 2 of the Lair of Beasts)
 X - a +0 eveningstar {macerare=g}
   (You found it on level 3 of the Lair of Beasts)
Missiles
 k - 51 poisoned darts (quivered) {throwing}
 l - a boomerang of dispersal {=f!fthrowing}
 n - a boomerang {throwing}
 w - 2 atropa-tipped darts {throwing}
 y - 2 silver javelins {throwing}
 H - 2 javelins {throwing}
 I - 5 curare-tipped darts {=fthrowing}
 T - 3 silver boomerangs {throwing}
Armour
 g - the +6 barding "Goqeha" (worn) {rN+ Str+6}
   (Okawaru gifted it to you on level 2 of the Lair of Beasts)

   Str:       It affects your strength (+6).
   rN:        It protects you from negative energy.
 v - a +1 helmet (worn)
   (You found it in an ice cave)
 x - a +0 troll leather armour (worn) {Pargi}
   (You found it in a sewer)
 z - a +2 cloak (worn)
   (You took it off Maurice on level 9 of the Dungeon)
 E - a +0 kite shield (worn)
   (You took it off a gnoll sergeant on level 10 of the Dungeon)
 J - a +2 pair of gloves (worn)
   (You found it on level 4 of the Dungeon)
Jewellery
 b - a ring of resist corrosion (left hand)
   (You found it on level 7 of the Dungeon)
 h - a ring of willpower (right hand)
   (You acquired it on level 4 of the Dungeon)
 o - an amulet of reflection (around neck)
   (You found it on level 10 of the Dungeon)
 N - a ring of willpower
   (You found it in an ice cave)
Wands
 f - a wand of paralysis (9)
   (You found it on level 7 of the Dungeon)
 m - a wand of acid (26)
   (You found it on level 9 of the Dungeon)
 D - a wand of mindburst (53)
   (You found it on level 8 of the Dungeon)
 F - a wand of flame (25)
   (You took it off Ijyb on level 3 of the Dungeon)
 K - a wand of iceblast (5)
   (You found it in an ice cave)
 S - a wand of digging (11)
   (You took it off Fannar on level 1 of the Lair of Beasts)
Scrolls
 i - 2 scrolls of vulnerability {!r!r}
 q - 3 scrolls of identify {@r1}
 B - 4 scrolls of enchant weapon
 M - 4 scrolls of teleportation {@r4}
 Q - 2 scrolls of fog
 R - 3 scrolls of silence {!r}
 U - 3 scrolls of butterflies
 V - a scroll of magic mapping {!r}
 W - 4 scrolls of immolation {!r!r}
 Y - 4 scrolls of poison {!r}
Potions
 c - a potion of attraction {!q}
 d - 2 potions of might
 e - 3 potions of lignification {!q}
 j - 4 potions of brilliance
 p - 5 potions of resistance
 r - 10 potions of curing {@q1}
 s - 5 potions of flight
 u - 2 potions of haste {@q3}
 A - 2 potions of invisibility
 C - 3 potions of magic
 G - 5 potions of heal wounds {@q2}
 L - 6 potions of mutation {!q}
 Z - a potion of cancellation {unknown}
Miscellaneous
 O - a condenser vane
   (You found it in an ice cave)
 P - a lightning rod (4/4)
   (You found it in an ice cave)

Dungeon Overview and Level Annotations

Branches:
Dungeon (15/15) Zot: 26150  Temple (1/1) D:5 Zot: 5799    Lair (5/5) D:11 Zot: 24274
  Swamp (0/4) Lair:2        Snake (1/4) Lair:2 Zot: 5990   Slime (0/5) Lair:5
    Orc (0/2) D:10         Vaults (0/5) D:13         Depths (0/4) D:15
  Sewer (visited)           IceCv (visited)

Altars:
Ashenzari
Cheibriados
Dithmenos
Elyvilon
Fedhas
Gozag
Hepliaklqana
Kikubaaqudgha
Makhleb
Nemelex Xobeh
Okawaru
Qazlal
Ru
Sif Muna
Trog
Uskayaw
Vehumet
Wu Jian
Xom
Yredelemnul
Zin
The Shining One
Jiyva

Shops:
D:7 (   D:9 *

Annotations:
Lair:5 2 transporters, Notrus's ghost, journeyman DsRe

#............#?
#......#.......
....#....!#N...
.......>...N...
....N..........
...#.NN8..N#...
.......N.......
.......@..NN...
....#.SS..#N...
#......#.N.....
##.............
............###
....#########
.... .##


You could see a naga warrior (catching breath), 3 naga sharpshooters, 4
salamanders, an anaconda, a black mamba and 3 naga magi.


Message History

Unknown command.
Danger!
You escape the anaconda's grasp.
You feel very sick.
The salamander shoots an arrow.
The arrow completely misses you. You block the black mamba's attack.
The naga sharpshooter unwields a +0 halberd.
The naga sharpshooter wields a +0 arbalest.
The naga sharpshooter shoots a bolt.
You reflect the bolt off an invisible shield around you!
The bolt hits the naga sharpshooter!
The naga sharpshooter shoots an arrow.
You reflect the arrow off an invisible shield around you!
The arrow closely misses the naga sharpshooter.
The anaconda grabs you.
You stop ascending the stairs.
The anaconda bites you but does no damage.
The anaconda constricts you.
The salamander hits you from afar with a +1 halberd of protection!
You are engulfed in flames!
The salamander wields a +1 shortbow of flaming.
It bursts into flame!
The salamander shoots an arrow.
You reflect the arrow off an invisible shield around you!
The arrow hits the salamander.
Unknown command.
Unknown command.
Unknown command.
Unknown command.
You hit the anaconda.
The naga mage convulses! x2; The anaconda convulses!
The black mamba convulses!
The naga sharpshooter convulses! x2
The salamander convulses! x3; The naga warrior convulses!
The naga sharpshooter convulses!
The salamander convulses!
The naga mage convulses!
Your tail-slap misses the anaconda.
You feel very sick. You block the black mamba's attack.
The salamander shoots an arrow.
You reflect the arrow off an invisible shield around you!
The arrow hits the salamander!
The anaconda bites you but does no damage.
The anaconda constricts you.
The naga sharpshooter shoots a bolt.
The bolt hits you!
The salamander hits you from afar with a +2 heavy trident.
You are engulfed in flames!
You block the black mamba's attack.
The naga sharpshooter shoots an arrow.
The arrow hits you. The naga mage spits poison at you.
The splash of poison hits you.
You are more poisoned.
You have difficulty breathing.
* * * LOW HITPOINT WARNING * * *
You feel yourself slow down.
* * * LOW HITPOINT WARNING * * *
You puncture the anaconda!
You feel extremely sick. The anaconda completely misses you.
The anaconda constricts you.
* * * LOW HITPOINT WARNING * * *
You block the black mamba's attack.
The naga mage gestures at the naga sharpshooter while chanting.
The naga sharpshooter seems to grow toxic.
You block the salamander's attack.
The anaconda bites you but does no damage.
The anaconda constricts you.
The salamander shoots an arrow.
The arrow hits you.
* * * LOW HITPOINT WARNING * * *
The arrow burns you.
* * * LOW HITPOINT WARNING * * *
The naga sharpshooter shoots a bolt.
The bolt completely misses you.
The naga sharpshooter spits poison at you.
The splash of poison hits you but does no damage.
You are more poisoned.
You block the black mamba's attack.
You completely miss the anaconda.
You feel extremely sick. The anaconda bites you.
* * * LOW HITPOINT WARNING * * *
The anaconda constricts you.
* * * LOW HITPOINT WARNING * * *
The black mamba bites you but does no damage.
You block the salamander's attack. x2; The salamander shoots an arrow.
You reflect the arrow off an invisible shield around you!
The arrow hits the salamander!
The anaconda barely misses you. The anaconda constricts you.
* * * LOW HITPOINT WARNING * * *
The naga sharpshooter shoots a bolt.
The bolt hits you!
* * * LOW HITPOINT WARNING * * *
The naga sharpshooter shoots an arrow.
You reflect the arrow off an invisible shield around you!
The arrow hits the naga sharpshooter.
The naga mage mumbles some strange words.
The naga mage seems to speed up.
The black mamba bites you but does no damage.
The salamander hits you from afar with a +1 halberd of protection.
* * * LOW HITPOINT WARNING * * *
You are engulfed in flames!
* * * LOW HITPOINT WARNING * * *
The naga mage gestures at you while chanting.
The bolt of poison hits you!
You are lethally poisoned!
* * * LOW HITPOINT WARNING * * *
Unknown command.
As you slowly read the scroll of teleportation {@r4}, it crumbles to dust.
You feel strangely unstable.
You die...

Skill      XL: |  1  2  3  4  5  6  7  8  9 10 11 12 13 14 15 |
---------------+----------------------------------------------+-----
Maces & Flails | 2 3 4 6 8 11 12 13 15 16 | 16.0
Fighting       | 3 4 5 6 7 8 9 10 11 12 | 12.3
Armour         | 4 5 6 7 8 9 10 11 12 13 15 | 15.5
Invocations    | 1 2 4 5 |  5.0
Evocations     | 4 6 7 |  7.9
Shields        | 5 7 9 11 | 11.6

Action                     |  1- 3 |  4- 6 |  7- 9 | 10-12 | 13-15 || total
---------------------------+-------+-------+-------+-------+-------++-------
  Melee: Flail             |   114 |   209 |   315 |  1135 |    33 ||  1806
         Tailslap          |     9 |    18 |    38 |   202 |   107 ||   374
         Eveningstar       |       |       |       |       |   769 ||   769
  Throw: Dart              |       |       |       |    13 |     1 ||    14
 Invoke: Heroism           |       |       |     1 |     6 |     2 ||     9
         Duel              |       |       |       |     1 |       ||     1
         Finesse           |       |       |       |       |     1 ||     1
  Evoke: Wand              |       |       |       |     4 |     1 ||     5
    Use: Scroll            |       |    18 |     4 |     6 |    10 ||    38
         Potion            |       |       |     2 |     1 |     2 ||     5
   Stab: Paralysed         |       |       |       |       |     4 ||     4
         Sleeping          |       |       |       |       |     1 ||     1
 Armour: Scale mail        |    67 |    65 |       |       |       ||   132
         Troll leather arm |       |    80 |   267 |   876 |   475 ||  1698
  Dodge: Dodged            |    39 |    85 |    85 |   296 |   153 ||   658
  Block: Buckler           |    17 |    56 |    56 |   133 |       ||   262
         Kite shield       |       |       |       |   443 |   641 ||  1084
         Reflection        |       |       |       |     4 |    22 ||    26

Levels and vault maps discovered:
D:1:      zelgadis_glass_arrival_small, layout_basic,
          ebering_ecumenical_altar_webs, minivault_4
D:2:      layout_basic
D:3:      layout_loops_cross, nicolae_overflow_hidden_temple,
          gup_sewer_entry_spiral, minivault_4, minmay_misc_feat_hallway,
          kennysheep_generic_room_6, uniq_terence, uniq_ijyb
D:4:      layout_gridville
D:5:      layout_layer_cave, minmay_temple_entry_slanted,
          chequers_serial_rivers_small_3
D:6:      layout_basic, grunt_qazlal_sundering, gammafunk_temple_overflow_wave
D:7:      layout_loops_ring, serial_shops, shop, serial_bayou_pond_b,
          kennysheep_generic_room_10
D:8:      layout_layer_cave, grunt_temple_overflow_open, minmay_nine_imps
D:9:      layout_small_grid, nicolae_evil_shop, uniq_grum, uniq_erolcha,
          uniq_prince_ribbit1, uniq_maurice
D:10:     layout_roguey, mainiacjoe_overflow_large_starburst,
          mainiacjoe_overflow_paths, lightli_temple_of_fire,
          mainiacjoe_overflow_boulevard, kennysheep_orc_monster_closet_entryway,
          lemuel_flamethrower_2
D:11:     layout_cave_pools, lair_entry_dummy
D:12:     layout_cave_pools, roderic_batcave, uniq_nessos
D:13:     layout_roguey, david_vaults_1
D:14:     layout_loops_ring, nicolae_benzene_ring, uniq_josephine
D:15:     hangedman_depths_entry_civil_slaughter, layout_basic, bloody_makhleb
Temple:   jpeg_temple_alley_garden
Lair:1:   layout_gridlike, portal_ice_cave_rime, serial_bayou_shore_a,
          grunt_megastairs_4, uniq_fannar
Lair:2:   layout_regular_city, nicolae_swamp_entry_splash_gauntlet,
          minmay_snake_entry_guardpost_medium, minivault_24, uniq_maggie
Lair:3:   layout_regular_city, nicolae_lair_liquid_snakes
Lair:4:   layout_layer_cave, bobbens_dragon_lair_wall
Lair:5:   hangedman_lair_tendril_chambers, layout_hall_layers,
          minmay_slime_entry_pillars, gammafunk_ghost_arena, ldierk_geyser,
          nicolae_lair_time_for_slime, grunt_megastairs_5
Snake:1:  layout_misc_corridors, serial_shops, nicolae_shop_crystal,
          basic_altar, evilmike_ambush [evilmike_ambush_outer_basic,
          evilmike_ambush_inner_basic], uniq_nikola

Notes
Turn   | Place    | Note
-------+----------+-------------------------------------------
     0 | D:1      | Sobieck the Armataur Fighter began the quest for the Orb.
     0 | D:1      | Reached XP level 1. HP: 19/19 MP: 1/1
    21 | D:1      | Reached skill level 2 in Maces & Flails
    89 | D:1      | Reached XP level 2. HP: 22/26 MP: 2/2
   156 | D:1      | Reached skill level 3 in Fighting
   245 | D:1      | Reached skill level 4 in Armour
   413 | D:1      | Reached XP level 3. HP: 33/33 MP: 3/3
   467 | D:1      | Found a faded altar of an unknown god.
   944 | D:2      | You add the spells Ignite Poison, Sticky Flame and Ignition
                  | to your library.
  1569 | D:2      | Reached XP level 4. HP: 40/40 MP: 4/4
  1697 | D:3      | Found a broken altar of Ashenzari.
  1783 | D:3      | Noticed Terence
  1801 | D:3      | Killed Terence
  1861 | D:3      | Reached skill level 3 in Maces & Flails
  1882 | D:3      | Found a glowing drain.
  1894 | Sewer    | Entered a sewer
  1909 | Sewer    | Noticed Pargi
  1923 | Sewer    | Killed Pargi
  1924 | Sewer    | Reached skill level 4 in Fighting
  1924 | Sewer    | Reached skill level 5 in Armour
  1924 | Sewer    | Reached XP level 5. HP: 41/49 MP: 5/5
  2168 | D:3      | Noticed Ijyb
  2185 | D:3      | Killed Ijyb
  2186 | D:3      | Reached XP level 6. HP: 55/55 MP: 6/6
  2879 | D:4      | Identified 2 scrolls of acquirement
  2879 | D:4      | Acquired the +1 barding of Kofucyh {rElec rC+}
  2886 | D:4      | Acquired a ring of willpower
  3410 | D:5      | Entered Level 5 of the Dungeon
  3487 | D:5      | Reached skill level 4 in Maces & Flails
  3487 | D:5      | Reached skill level 6 in Armour
  3796 | D:5      | Found a staircase to the Ecumenical Temple.
  3812 | Temple   | Entered the Ecumenical Temple
  3975 | Temple   | Became a worshipper of Warmaster Okawaru
  4169 | D:5      | Reached skill level 1 in Invocations
  4169 | D:5      | Reached XP level 7. HP: 64/64 MP: 7/7
  4174 | D:5      | You pick up a book of Winter and begin reading...
  4174 | D:5      | You add the spells Ozocubu's Armour and Metabolic
                  | Englaciation to your library.
  4292 | D:5      | Reached skill level 5 in Fighting
  4433 | D:5      | Reached * piety under Okawaru
  4434 | D:5      | Reached skill level 2 in Invocations
  4819 | D:6      | Reached skill level 7 in Armour
  4829 | D:6      | Reached XP level 8. HP: 73/73 MP: 9/9
  4852 | D:6      | Reached skill level 5 in Maces & Flails
  4877 | D:6      | Found a stormy altar of Qazlal.
  4939 | D:6      | Reached skill level 3 in Invocations
  5031 | D:6      | Reached ** piety under Okawaru
  5059 | D:6      | Reached skill level 6 in Maces & Flails
  5223 | D:6      | Reached skill level 6 in Fighting
  5687 | D:6      | Found a snail-covered altar of Cheibriados.
  5687 | D:6      | Found a shadowy altar of Dithmenos.
  5874 | D:7      | Reached skill level 8 in Armour
  5887 | D:7      | Reached skill level 4 in Invocations
  5962 | D:7      | Reached XP level 9. HP: 80/80 MP: 12/12
  5964 | D:7      | You fall into a shaft and drop 3 floors!
  5964 | D:10     | Entered Level 10 of the Dungeon
  5972 | D:10     | Found a hazy altar of Hepliaklqana.
  5986 | D:10     | Noticed a komodo dragon
  6044 | D:9      | Reached *** piety under Okawaru
  6054 | D:9      | Reached skill level 7 in Maces & Flails
  6070 | D:10     | Killed a komodo dragon
  6096 | D:9      | Noticed Maurice
  6126 | D:9      | Killed Maurice
  6127 | D:9      | Reached skill level 7 in Fighting
  6127 | D:9      | Reached skill level 9 in Armour
  6127 | D:9      | Reached skill level 5 in Invocations
  6170 | D:9      | Noticed Prince Ribbit
  6184 | D:9      | Killed Prince Ribbit
  6184 | D:9      | Reached **** piety under Okawaru
  6245 | D:9      | Noticed Grum
  6255 | D:9      | Reached skill level 8 in Maces & Flails
  6289 | D:9      | Killed Grum
  6290 | D:9      | Reached XP level 10. HP: 92/92 MP: 13/13
  6334 | D:7      | You pick up a book of the Spheres and begin reading...
  6334 | D:7      | You add the spells Iskenderun's Battlesphere, Fireball,
                  | Conjure Ball Lightning and Orb of Destruction to your
                  | library.
  6351 | D:7      | You pick up a book of Callings and begin reading...
  6476 | D:7      | You pick up a book of Cantrips and begin reading...
  6476 | D:7      | You add the spells Necrotise and Apportation to your
                  | library.
  6883 | D:7      | Found Tauntexa's Antique Weapon Boutique.
  7178 | D:8      | Found an opulent altar of Gozag.
  7183 | D:8      | Found a shimmering blue altar of Sif Muna.
  7183 | D:8      | Found a radiant altar of Vehumet.
  7843 | D:8      | Noticed a cyclops
  7852 | D:8      | Reached skill level 9 in Maces & Flails
  7866 | D:8      | Killed a cyclops
  7867 | D:8      | Reached skill level 10 in Armour
  8315 | D:9      | Noticed Erolcha
  8331 | D:9      | Killed Erolcha
  8331 | D:9      | Reached ***** piety under Okawaru
  8332 | D:9      | Reached skill level 8 in Fighting
  8363 | D:9      | Found Uloddil's Wicked Wares.
  8374 | D:9      | Reached skill level 10 in Maces & Flails
  8468 | D:9      | Noticed a two-headed ogre
  8492 | D:8      | Killed a two-headed ogre
  8610 | D:9      | Reached skill level 11 in Maces & Flails
  8610 | D:9      | Reached XP level 11. HP: 100/100 MP: 14/14
  9085 | D:10     | Found a hide-covered altar of Uskayaw.
  9166 | D:10     | Found a staircase to the Orcish Mines.
  9203 | D:10     | Reached skill level 1 in Evocations
  9241 | D:10     | Received a gift from Okawaru
  9348 | D:10     | Found a glowing silver altar of Zin.
  9423 | D:10     | Reached skill level 4 in Shields
  9432 | D:10     | Identified the +3 hand axe of Diet Blood {heavy, rPois rF+}
  9606 | D:10     | Found an ornate altar of the Wu Jian Council.
  9709 | D:10     | Paralysed by a hornet for 1 turns
  9714 | D:10     | Paralysed by a hornet for 3 turns
  9720 | D:10     | Reached skill level 2 in Evocations
  9848 | D:10     | Found a burning altar of Makhleb.
  9992 | D:11     | Noticed a boulder beetle
 10012 | D:11     | Killed a boulder beetle
 10031 | D:11     | Noticed a green ugly thing
 10047 | D:11     | Killed a green ugly thing
 10126 | D:11     | Received a gift from Okawaru
 10136 | D:11     | Noticed a boulder beetle
 10165 | D:10     | Reached ****** piety under Okawaru
 10197 | D:11     | Noticed a two-headed ogre
 10235 | D:10     | Reached skill level 3 in Evocations
 10260 | D:10     | Killed a two-headed ogre
 10261 | D:10     | Reached skill level 5 in Shields
 10287 | D:10     | Killed a boulder beetle
 10347 | D:11     | Reached skill level 11 in Armour
 10463 | D:11     | Identified the +0 barding of Grace {rElec rN+} (Okawaru
                  | gifted it to you on level 11 of the Dungeon)
 10463 | D:11     | Received a gift from Okawaru
 10464 | D:11     | Reached skill level 4 in Evocations
 10635 | D:11     | Found a staircase to the Lair.
 10852 | D:12     | Noticed a deep elf pyromancer
 10875 | Lair:1   | Entered Level 1 of the Lair of Beasts
 10883 | Lair:1   | Reached skill level 9 in Fighting
 11013 | Lair:1   | Reached XP level 12. HP: 87/111 MP: 15/15
 11317 | Lair:1   | Found a frozen archway.
 11320 | Lair:1   | Reached skill level 6 in Shields
 11336 | IceCv    | Entered an ice cave
 11549 | IceCv    | Reached skill level 5 in Evocations
 11599 | IceCv    | Noticed a death yak
 11636 | IceCv    | Killed a death yak
 11637 | IceCv    | Reached skill level 12 in Maces & Flails
 11731 | IceCv    | Reached skill level 12 in Armour
 11731 | IceCv    | Reached skill level 7 in Shields
 11760 | IceCv    | Noticed a death yak
 11760 | IceCv    | Noticed a death yak
 11760 | IceCv    | Noticed an ironbound frostheart
 11760 | IceCv    | Noticed a death yak
 11789 | IceCv    | Killed a death yak
 11806 | IceCv    | Killed a death yak
 11812 | IceCv    | Killed a death yak
 11812 | IceCv    | Received a gift from Okawaru
 11815 | IceCv    | Noticed an ironbound frostheart
 11821 | Arena    | Entered the Arena
 11836 | Arena    | Killed an ironbound frostheart
 11855 | IceCv    | Reached skill level 6 in Evocations
 11913 | IceCv    | Killed an ironbound frostheart
 11986 | IceCv    | Could not pick up a +1 triple sword of freezing
                  | {longrare=g} here; ([A]lways) ignore it?
 12460 | Lair:1   | Reached skill level 10 in Fighting
 12477 | Lair:1   | Noticed Fannar
 12533 | Lair:1   | Killed Fannar
 12534 | Lair:1   | Reached XP level 13. HP: 46/120 MP: 16/16
 12777 | Lair:1   | Reached skill level 8 in Shields
 12935 | Lair:2   | Acquired the +7 sceptre of Torment {pain, torment}
 12935 | Lair:2   | Found the +7 sceptre of Torment {pain, torment}
 12993 | Lair:2   | Noticed Maggie
 13002 | Lair:2   | Killed Maggie
 13399 | Lair:2   | Reached skill level 7 in Evocations
 13461 | Lair:2   | Identified the +6 barding "Goqeha" {rN+ Str+6} (Okawaru
                  | gifted it to you on level 2 of the Lair of Beasts)
 13461 | Lair:2   | Received a gift from Okawaru
 13466 | Lair:2   | Reached skill level 13 in Armour
 13528 | Lair:2   | Found a staircase to the Swamp.
 13596 | Lair:2   | Found a staircase to the Snake Pit.
 13894 | Lair:3   | You pick up a book of Winter and begin reading...
 13959 | Lair:3   | X - a +0 eveningstar {macerare=g}
 14142 | Lair:3   | Reached skill level 9 in Shields
 14285 | Lair:3   | You pick up a book of Conjurations {@e2} and begin
                  | reading...
 14285 | Lair:3   | You add the spells Magic Dart, Searing Ray and Fulminant
                  | Prism to your library.
 14331 | Lair:3   | Reached skill level 13 in Maces & Flails
 14895 | Lair:3   | Reached skill level 11 in Fighting
 15001 | Lair:3   | Received a gift from Okawaru
 15083 | Lair:4   | Reached XP level 14. HP: 105/132 MP: 17/17
 15085 | Lair:4   | Reached skill level 14 in Armour
 15097 | Lair:4   | Reached skill level 10 in Shields
 15230 | Lair:4   | You pick up a book of Dangerous Friends and begin
                  | reading...
 16046 | Lair:5   | Entered Level 5 of the Lair of Beasts
 16056 | Lair:5   | Received a gift from Okawaru
 16122 | Lair:5   | Found a staircase to the Slime Pits.
 16145 | Lair:5   | Received a gift from Okawaru
 16241 | Lair:5   | Reached skill level 11 in Shields
 16368 | Lair:5   | You pick up a book of Spatial Translocations and begin
                  | reading...
 16368 | Lair:5   | You add the spells Blink, Momentum Strike and Lesser
                  | Beckoning to your library.
 16383 | Lair:5   | Noticed Notrus's ghost (journeyman DsRe)
 16410 | Lair:5   | Reached skill level 15 in Armour
 16415 | Lair:5   | Reached skill level 14 in Maces & Flails
 16417 | Lair:5   | Reached skill level 12 in Fighting
 16420 | Lair:5   | Found a transporter.
 16682 | Lair:5   | HP: 30/134 [guardian serpent/bolt of poison (23)]
 16710 | Lair:5   | Received a gift from Okawaru
 16850 | Lair:5   | Found a transporter.
 16877 | Lair:5   | Noticed an azure jelly
 16883 | Lair:5   | Killed an azure jelly
 17077 | Lair:5   | Found a viscous altar of Jiyva.
 17216 | Lair:5   | Identified the staff of fire "Cups" {rF+ rC- Int+4}
 17396 | D:12     | Reached skill level 15 in Maces & Flails
 17574 | D:12     | Noticed Nessos
 17583 | D:12     | Killed Nessos
 17584 | D:12     | Reached XP level 15. HP: 141/141 MP: 18/18
 18083 | D:13     | Found a gate to the Vaults.
 18160 | D:13     | You pick up a book of Air and begin reading...
 18160 | D:13     | You add the spells Shock, Swiftness and Airstrike to your
                  | library.
 18976 | D:14     | Identified the +2 flail "Ilioso" {freeze, Fragile Int+6
                  | Stlth+} (Okawaru gifted it to you on level 14 of the
                  | Dungeon)
 18976 | D:14     | Received a gift from Okawaru
 18987 | D:14     | Noticed Josephine
 18995 | D:14     | Killed Josephine
 19364 | D:15     | Entered Level 15 of the Dungeon
 19418 | D:15     | Found a burning altar of Makhleb.
 19466 | D:15     | Reached skill level 16 in Maces & Flails
 19495 | D:15     | Found a staircase to the Depths.
 19677 | D:15     | Identified the +5 morningstar "Mecvoif" {holy, *Slow Str+6}
                  | (Okawaru gifted it to you on level 15 of the Dungeon)
 19677 | D:15     | Received a gift from Okawaru
 20294 | Snake:1  | Entered Level 1 of the Snake Pit
 20294 | Snake:1  | Noticed Nikola
 20305 | Lair:2   | Killed Nikola
 20378 | Lair:2   | HP: 35/143 [poisoned by a black mamba]
 20383 | Lair:2   | HP: 31/143 [poisoned by a black mamba]
 20563 | Snake:1  | HP: 24/143 [naga sharpshooter/bolt (15)]
 20563 | Snake:1  | HP: 5/143 [naga mage/bolt of poison (8)]
 20564 | Snake:1  | Succumbed to a naga mage's bolt of poison

Vanquished Creatures
  Nikola (Lair:2)
  An azure jelly (Lair:5)
  Nessos (D:12)
  An ettin (D:15)
  A fire dragon (Lair:4)
  Josephine (D:14)
  A rakshasa (D:14)
  Fannar (Lair:1)
  6 boulder beetles
  Erolcha (D:9)
  2 centaur warriors (D:15)
  A catoblepas (D:15)
  An ogre mage (D:15)
  5 hydras
  6 two-headed ogres
  12 death yaks
  2 ironbound frosthearts
  A hell knight (D:15)
  A shock serpent (Lair:2)
  A skyshark (Lair:4)
  A fire crab (Lair:4)
  2 deep trolls (D:15)
  A bog body (Lair:2)
  A wizard (D:15)
  3 deep elf pyromancers
  A deep elf zephyrmancer (D:13)
  2 ugly things
  2 mana vipers (Lair:2)
  5 cyclopes
  A wolf spider (Lair:5)
  3 manticores
  15 elephants
  Maurice (D:9)
  16 black mambas
  17 cane toads
  2 torpor snails
  A guardian serpent (Lair:5)
  Maggie (Lair:2)
  An ice statue (IceCv)
  13 rime drakes
  A yaktaur (shapeshifter) (D:14)
  2 freezing wraiths (D:15)
  A kobold demonologist (D:14)
  9 komodo dragons
  A tengu conjurer (D:15)
  6 trolls
  6 hornets
  13 blink frogs
  Prince Ribbit (D:9)
  6 polar bears
  A shadow (D:12)
  A culicivora (shapeshifter) (D:15)
  3 water elementals (D:15)
  5 slime creatures (Lair:5)
  3 wraiths (D:14)
  A vampire (D:10)
  54 yaks
  9 basilisks
  Grum (D:9)
  14 wyverns
  10 steam dragons
  3 vampire mosquitoes (D:11)
  A redback (Lair:5)
  2 swamp worms (Lair:2)
  5 nagas (Lair:2)
  15 water moccasins
  Pargi (Sewer)
  3 black bears
  2 ice beasts
  7 orc warriors
  A sky beast (D:6)
  5 ogres
  7 centaurs
  32 wolves
  2 phantoms
  7 kobold brigands
  9 bullfrogs
  4 gnoll sergeants
  5 scorpions
  6 killer bees (D:8)
  A vampire bat (D:12)
  7 electric eels
  6 howler monkeys
  5 crimson imps (D:8)
  5 lava snakes (Lair:3)
  9 jellies
  A hound (D:6)
  4 orc priests
  Ijyb (D:3)
  Terence (D:3)
  9 orc wizards
  9 adders
  5 gnolls
  A shadow imp (D:8)
  3 white imps (D:8)
  An ufetubus (D:6)
  4 worms
  5 dart slugs
  26 orcs
  12 bats
  7 endoplasms
  4 giant cockroaches
  2 goblins (D:3)
  5 hobgoblins
  9 jackals
  5 quokkas
  11 ball pythons
  10 frilled lizards
  19 kobolds
  7 rats
595 creatures vanquished.

Vanquished Creatures (others)
  A rime drake (Lair:1)
  3 howler monkeys (D:10)
  A lava snake (Lair:3)
  10 fungi
  21 plants
36 creatures vanquished.

Grand Total: 631 creatures vanquished

Table legend:
 A = Non-vault XP
 B = Vault XP
 C = Vault XP percentage of total XP
 D = Non-vault monster count
 E = Vault monster count
 F = Vault count percentage of total count
                 A         B        C        D         E       F
            +---------+---------+-------+---------+---------+-------
      Total |   75935 |   57777 |  43.2 |     359 |     238 |  39.9
            +---------+---------+-------+---------+---------+-------
        D:1 |      54 |       0 |   0.0 |      30 |       0 |   0.0
        D:2 |      48 |       0 |   0.0 |      16 |       0 |   0.0
        D:3 |      70 |      91 |  56.5 |      19 |      10 |  34.5
        D:4 |      12 |       0 |   0.0 |       6 |       0 |   0.0
        D:5 |     853 |       0 |   0.0 |      19 |       0 |   0.0
        D:6 |    1122 |       0 |   0.0 |      20 |       0 |   0.0
        D:7 |     900 |     214 |  19.2 |      20 |       2 |   9.1
        D:8 |    3030 |     284 |   8.6 |      21 |       9 |  30.0
        D:9 |    1898 |    2263 |  54.4 |      12 |       8 |  40.0
       D:10 |    4279 |    1800 |  29.6 |      27 |      20 |  42.6
       D:11 |    3866 |       0 |   0.0 |      14 |       0 |   0.0
       D:12 |    2140 |    1086 |  33.7 |       6 |       7 |  53.8
       D:13 |    1378 |    1503 |  52.2 |       4 |       3 |  42.9
       D:14 |    5670 |    1521 |  21.2 |      10 |       4 |  28.6
       D:15 |   10083 |    4197 |  29.4 |      22 |       6 |  21.4
     Lair:1 |    2107 |    2568 |  54.9 |       9 |       6 |  40.0
     Lair:2 |    7042 |    7072 |  50.1 |      24 |      16 |  40.0
     Lair:3 |   12655 |    3168 |  20.0 |      34 |      20 |  37.0
     Lair:4 |    7496 |    3287 |  30.5 |      15 |      10 |  40.0
     Lair:5 |   11232 |   14943 |  57.1 |      31 |      52 |  62.7
      Sewer |       0 |     160 | 100.0 |       0 |      11 | 100.0
      IceCv |       0 |   12801 | 100.0 |       0 |      53 | 100.0
      Arena |       0 |     819 | 100.0 |       0 |       1 | 100.0
            +---------+---------+-------+---------+---------+-------

Illustrated notes

Table legend:
 A = Kills in this place as a percentage of kills in the entire game.
 B = Kills by you in this place as a percentage of kills by you in the entire game.
 C = Kills by friends in this place as a percentage of kills by friends in the entire game.
 D = Other kills in this place as a percentage of other kills in the entire game.
 E = Experience gained in this place as a percentage of experience gained in the entire game.
 F = Experience gained in this place divided by the number of levels of this place that you have seen.
                   A       B       C       D       E      F
               +-------+-------+-------+-------+-------+----------------------
         Total | 100.0 | 100.0 |   N/A | 100.0 | 100.0 | 5348.5
       Dungeon |  52.8 |  52.9 |   N/A |   0.0 |  36.2 | 3224.1
          Lair |  36.3 |  36.1 |   N/A | 100.0 |  53.5 | 14314.0
         Sewer |   1.8 |   1.8 |   N/A |   0.0 |   0.1 | 160.0
      Ice Cave |   8.9 |   8.9 |   N/A |   0.0 |   9.6 | 12801.0
         Arena |   0.2 |   0.2 |   N/A |   0.0 |   0.6 | 819.0
               +-------+-------+-------+-------+-------+----------------------

Table legend: (Time is in decaauts)
 A = Elapsed time spent in this place.
 B = Non-inter-level travel time spent in this place.
 C = Inter-level travel time spent in this place.
 D = Time resting spent in this place.
 E = Time spent auto-exploring this place.
 F = Levels seen in this place.
 G = Mean time per level.
                   A        B        C        D        E       F      G
               +--------+--------+--------+--------+--------+-----+--------+
         Total |  20594 |  19647 |    947 |    695 |  13980 |  25 |  823.8 |
       Dungeon |  13445 |  12815 |    630 |    146 |   9745 |  15 |  896.3 |
        Temple |    200 |    163 |     37 |      0 |    152 |   1 |  200.0 |
          Lair |   5725 |   5446 |    279 |    549 |   3689 |   5 | 1145.0 |
     Snake Pit |      9 |      9 |      0 |      0 |      0 |   1 |    9.0 |
         Sewer |    188 |    188 |      0 |      0 |     41 |   1 |  188.0 |
      Ice Cave |   1003 |   1003 |      0 |      0 |    353 |   1 | 1003.0 |
         Arena |     21 |     21 |      0 |      0 |      0 |   1 |   21.0 |
               +--------+--------+--------+--------+--------+-----+--------+

Top non-repeatable levels by time:
     D:8: 1308 daAuts
  Lair:5: 1235 daAuts
  Lair:3: 1235 daAuts
     D:5: 1221 daAuts
    D:10: 1218 daAuts
  Lair:2: 1186 daAuts
     D:6: 1059 daAuts
  Lair:4: 1041 daAuts
  Lair:1: 1027 daAuts
   IceCv: 1003 daAuts
     D:3: 965 daAuts
     D:9: 912 daAuts
     D:1: 894 daAuts
     D:7: 887 daAuts
    D:14: 828 daAuts
